[Event "*** Titled Tuesday 3|2 Blitz"]
[Site "Chess.com"]
[Date "2016.05.03"]
[Round "5"]
[White "psv98"]
[Black "motivated_bishop"]
[Result "1-0"]
[WhiteElo "2477"]
[BlackElo "2310"]
[TimeControl "180+2"]
[EndTime "12:01:05 PDT"]
[Termination "psv98 won by checkmate"]

1. d4 Nf6 2. c4 g6 3. Nc3 d5 4.
e3 Bg7 5. cxd5 Nxd5 6. Nxd5 Qxd5 7. Ne2 O-O 8. Nc3 Qd8 9. Be2 c5 10. d5 e6 11. e4 exd5 12. exd5 Nd7 13. O-O b6 14.
Bf4 Bb7 15. Qd2 Re8 16. Rad1 Ne5 17. Bb5 Rf8 18. Rfe1 f6 19. d6 a6 20. Bxe5 axb5 21. Bf4 b4 22. Nd5 Kh8 23. Re7 Bc6 24. Bh6 Rg8 25.
Nc7 Qc8 26. Ne6 Ra7 27. Bxg7+ Rxg7 28. Nxg7 Qg4 29. f3 Bxf3 30. Rxa7 h5 31. d7 Bxg2 32. Qh6+ Kg8 33. d8=Q# 1-0

[Event "*** Titled Tuesday 3|2 Blitz"]
[Site "Chess.com"]
[Date "2016.05.03"]
[Round "5"]
[White "LyonBeast"]
[Black "Anton_Demchenko"]
[Result "1/2-1/2"]
[WhiteElo "2781"]
[BlackElo "2662"]
[TimeControl "180+2"]
[EndTime "12:01:11 PDT"]
[Termination "Game drawn by agreement"]

1. d4 Nf6 2. c4 g6 3. Nc3 Bg7 4. g3 O-O 5. Bg2 d6 6. Nf3 Nbd7 7. O-O e5 8. b3 Re8 9. e3 c6 10. Bb2 e4 11. Nd2 d5 12. Rc1 a6 13. f3 Bh6 14.
f4 Nf8 15. h3 Bg7 16. g4 h5 17.
g5 N6h7 18. cxd5 cxd5 19. b4 h4 20. Qe1 f6 21. Qxh4 fxg5 22. fxg5 Be6 23. Qg3 Qxg5 24. Qxg5 Nxg5 25. h4 Nf7 26. Na4 Bh6 27. Rfe1 Nd6 28. Nb6 Rad8 29. Nf1 Re7 30. Ng3 Nd7 31. Rc7 Bf8 32.
Nxd7 Rdxd7 33. Rxd7 Rxd7 34. Ne2 Bh6 35. Nf4 Bxf4 36. exf4 Rc7 37. Rc1 Rxc1+ 38. Bxc1 Nc4 39. Bf1 b5 40. Kf2 Kf7 41. Be2 Bf5 42. h5 Kg7 43. hxg6 Kxg6 1/2-1/2

[Event "*** Titled Tuesday 3|2 Blitz"]
[Site "Chess.com"]
[Date "2016.05.03"]
[Round "5"]
[White "Elshan1985"]
[Black "Zlatan56"]
[Result "0-1"]
[WhiteElo "2572"]
[BlackElo "2591"]
[TimeControl "180+2"]
[EndTime "12:01:11 PDT"]
[Termination "Zlatan56 won by resignation"]

1. d4 Nf6 2. Nf3 g6 3. g3 Bg7 4. Bg2 O-O 5. O-O d6 6. c4 Nc6 7. Nc3 Bf5 8. d5 Na5 9. Nd4 Bd7 10. b3 c5 11. dxc6 bxc6 12. Bb2 Qc7 13. Rc1 Nb7 14. Qd2 a5 15. Rfd1 Nc5 16. h3 Rab8 17. Kh2 h5 18. Nf3 a4 19. bxa4 Nfe4 20. Nxe4 Nxe4 21. Qe3 Bxb2 22. Qxe4 Bxc1 23. Rxc1 Qa5 24. c5 Rfe8 25.
Qf4 Qb4 26. Rc4 Qb2 27. Ng5 Qf6 28. cxd6 Qxf4 29. Rxf4 exd6 30. Rxf7 Rbd8 31. Rf6 Kg7 32. Rf7+ Kg8 33. Rf6 Rxe2 34. Rxg6+ Kf8 35. Rf6+ Ke7 36. Rf7+ Ke8 37. Rf4 Rxa2 38. Ne4 Ke7 39. h4 Rxa4 40. Bf3 d5 41. Nc5 Rxf4 0-1

[Event "*** Titled Tuesday 3|2 Blitz"]
[Site "Chess.com"]
[Date "2016.05.03"]
[Round "5"]
[White "sorito"]
[Black "chorejason"]
[Result "1-0"]
[WhiteElo "2214"]
[BlackElo "2058"]
[TimeControl "180+2"]
[EndTime "12:01:11 PDT"]
[Termination "sorito won by checkmate"]

1. d4 Nf6 2. Nf3 g6 3. c4 Bg7 4. Nc3 O-O 5. e4 d6 6. Be2 c5 7. d5 e6 8. O-O exd5 9. cxd5 Re8 10. Nd2 Na6 11. Re1 Nc7 12. Qc2 a6 13. a4 Rb8 14. a5 b5 15. axb6 Rxb6 16. Nc4 Rb4 17.
Bf4 Nh5 18. Bxh5 Rxc4 19. Bf3 Nxd5 20. exd5 Rxf4 21. Qd2 Rd4 22. Rxe8+ Qxe8 23. Re1 Be5 24. Qe2 Qd8 25. g3 Qg5 26. Bg2 Rd2 27. Qf1 Rxb2 28. Ne4 Qd8 29. f4 Bd4+ 30. Kh1 Bf5 31. Qxa6 Bxe4 32.
Bxe4 Qd7 33. Bg2 Qg4 34. Qxd6 Bc3 35. Re8+ Kg7 36. Qf8+ Kf6 37. Qh8+ Kf5 38. Re5+ Bxe5 39. Qxe5# 1-0

[Event "*** Titled Tuesday 3|2 Blitz"]
[Site "Chess.com"]
[Date "2016.05.03"]
[Round "5"]
[White "KyronGriffith"]
[Black "spectralsoul"]
[Result "0-1"]
[WhiteElo "2314"]
[BlackElo "2542"]
[TimeControl "180+2"]
[EndTime "12:01:16 PDT"]
[Termination "spectralsoul won by checkmate"]

1. Nf3 Nf6 2. g3 b5 3. Bg2 Bb7 4. d4 e6 5. O-O c5 6. a4 b4 7. c3 a5 8. Nbd2 Be7 9. Re1 d5 10. dxc5 Bxc5 11. Nb3 Be7 12. Nfd4 O-O 13. c4 Qd7 14.
Nb5 Rc8 15. cxd5 Nxd5 16. Be3 Qe8 17. Bb6 Nd7 18. Bxa5 Bf6 19. Bxd5 Bxd5 20. Nc7 Rxc7 21. Bxc7 Bxb2 22. Rb1 Bc3 23. a5 Bxe1 24. Qxe1 Qc8 25. Bf4 Qc2 26. Nd4 Qe4 27. Qxb4 Qh1# 0-1

[Event "*** Titled Tuesday 3|2 Blitz"]
[Site "Chess.com"]
[Date "2016.05.03"]
[Round "5"]
[White "pKiLz5Rn9b"]
[Black "smurfo"]
[Result "1-0"]
[WhiteElo "2399"]
[BlackElo "2529"]
[TimeControl "180+2"]
[EndTime "12:01:18 PDT"]
[Termination "pKiLz5Rn9b won by resignation"]

1. e4 d5 2. exd5 Nf6 3. d4 Bg4 4. f3 Bf5 5. Bd3 Bxd3 6. Qxd3 Qxd5 7. c4 Qh5 8. Ne2 e6 9. Nbc3 Qg6 10. Qxg6 hxg6 11.
a3 a5 12. Be3 Nbd7 13. Rc1 a4 14. Kf2 c6 15. h3 Bd6 16. Rhd1 Ke7 17. d5 Rhd8 18.
dxc6 bxc6 19. Nd4 Rdc8 20. Na2 Rab8 21. Rd2 Nc5 22. Nb4 Nce4+ 23. fxe4 Nxe4+ 24. Ke2 Bxb4 25. axb4 Nxd2 26. Bxd2 e5 27. Nf3 e4 28. Nd4 c5 29.
Nb5 Ke6 30. Bf4 cxb4 31. Bxb8 Rxb8 32. Ra1 Rc8 33. Rxa4 Rxc4 34. Ke3 f5 35. Nd4+ Kf6 36. h4 g5 37. Ra6+ Ke5 38. Ra5+ Kd6 39. Nxf5+ Kc6 40. hxg5 g6 41. Nd4+ Kb6 42. Re5 Rc1 43. Re6+ Kb7 44.
Rxg6 Re1+ 45. Ne2 Rb1 46. Re6 Rxb2 47. g6 b3 48. g7 1-0

[Event "*** Titled Tuesday 3|2 Blitz"]
[Site "Chess.com"]
[Date "2016.05.03"]
[Round "5"]
[White "stuffings101"]
[Black "GMVladimir_Petkov"]
[Result "0-1"]
[WhiteElo "2107"]
[BlackElo "2255"]
[TimeControl "180+2"]
[EndTime "12:01:20 PDT"]
[Termination "GMVladimir_Petkov won on time"]

1. Nf3 d5 2. g3 Nc6 3. Bg2 e5 4. d3 Nf6 5. a3 a5 6. O-O h6 7. b3 Bd6 8. Bb2 O-O 9. e3 Re8 10. c4 Bg4 11. Qc2 Qd7 12. Nbd2 Rad8 13. cxd5 Nxd5 14.
Nc4 Bh3 15. e4 Bxg2 16. Kxg2 Nf4+ 17. Kh1 Qh3 18. Rg1 b5 19. Ne3 Ne7 20. Nxe5 Bxe5 21. Bxe5 Nxd3 22. Bxc7 Rd7 23. Bxa5 Ng6 24. Rad1 Nge5 25.
Qe2 Nc5 26. Rxd7 Nexd7 27. f3 Ne5 28. Bb4 Ncd3 29. Bc3 Rc8 30. Bxe5 Nxe5 31. f4 Ng6 32. Qxb5 Rc3 33. Qe2 Rxb3 34. a4 Ra3 35. Qg2 Qd7 36. Nc4 Rc3 37. Nb6 Qc6 0-1

[Event "*** Titled Tuesday 3|2 Blitz"]
[Site "Chess.com"]
[Date "2016.05.03"]
[Round "5"]
[White "Journey_to_GrandMaster_YT"]
[Black "sandropozo"]
[Result "1-0"]
[WhiteElo "2337"]
[BlackElo "2272"]
[TimeControl "180+2"]
[EndTime "12:01:22 PDT"]
[Termination "Journey_to_GrandMaster_YT won on time"]

1. d4 d5 2. Nf3 Nf6 3. c4 c6 4.
Nc3 dxc4 5. a4 Bf5 6. e3 e6 7. Bxc4 Bb4 8. O-O O-O 9. Qe2 Ne4 10. Nxe4 Bxe4 11. Bd2 Bxf3 12. gxf3 Bxd2 13. Qxd2 Nd7 14. Kh1 Ne5 15. Be2 Ng6 16. Rg1 Qf6 17. Rg3 Rad8 18. Qc2 Rd5 19. Rag1 Rh5 20. f4 Rh6 21. Bd3 Qh4 22.
R1g2 Rd8 23. b4 Kh8 24. b5 cxb5 25. axb5 Qe7 26. f5 exf5 27. Bxf5 Nh4 28. Rg1 Qf6 29.
Be4 g6 30. Bxb7 Nf5 31. Rf3 Qh4 32. Rg2 Qh5 33. Qc7 Rf8 34. Qc5 Re8 35. Qc6 Re6 36. Qc3 Rd6 37. d5+ Kg8 38. e4 Qxf3 39. Qxf3 1-0

[Event "*** Titled Tuesday 3|2 Blitz"]
[Site "Chess.com"]
[Date "2016.05.03"]
[Round "5"]
[White "platy3"]
[Black "iturrizaga"]
[Result "1-0"]
[WhiteElo "2651"]
[BlackElo "2553"]
[TimeControl "180+2"]
[EndTime "12:01:29 PDT"]
[Termination "platy3 won by resignation"]

1. e4 c5 2. Nf3 g6 3. d4 cxd4 4.
Nxd4 Nc6 5. c4 Nf6 6. Nc3 d6 7. f3 Nxd4 8. Qxd4 Bg7 9. Be3 Be6 10. Qd2 Rc8 11. b3 b5 12. Bxa7 Qa5 13. Nxb5 Qxd2+ 14. Kxd2 Nxe4+ 15. fxe4 Bxa1 16. Bd3 Be5 17. a4 Kd7 18. Bd4 Bxd4 19. Nxd4 Rb8 20. Kc3 Rhc8 21. a5 d5 22.
exd5 Bxd5 23. Rg1 e5 24. Nc2 f5 25. g3 Rc7 26. b4 Be6 27. c5 Bd5 28. a6 Kc6 29.
Ra1 Ra7 30. Ra5 Bf3 31. Ne3 f4 32. gxf4 exf4 33. Nc4 Bd5 34. Ne5+ Kc7 35. b5 Raa8 36. b6+ Kd8 37. c6 Rxb6 38. Rxd5+ Ke7 39. Kd4 Rb4+ 40. Bc4 Rxa6 41. c7 Ra8 42. Nc6+ 1-0

[Event "*** Titled Tuesday 3|2 Blitz"]
[Site "Chess.com"]
[Date "2016.05.03"]
[Round "5"]
[White "dretch"]
[Black "Blitzstream"]
[Result "1-0"]
[WhiteElo "2571"]
[BlackElo "2412"]
[TimeControl "180+2"]
[EndTime "12:01:29 PDT"]
[Termination "dretch won by resignation"]

1. d4 d5 2. c4 c6 3. Nf3 Nf6 4. Nc3 e6 5. e3 Nbd7 6. Bd3 dxc4 7. Bxc4 b5 8. Be2 Bb7 9. O-O Be7 10. e4 b4 11. e5 bxc3 12. exf6 Bxf6 13. bxc3 c5 14. dxc5 O-O 15. Be3 Rc8 16. Qa4 Bc6 17. Qa6 Bxc3 18. Rac1 Bf6 19. Rfd1 Qc7 20. Nd4 Bb7 21. Qa3 Be7 22.
Nb3 Ne5 23. f3 Nc6 24. Nd4 Nxd4 25. Bxd4 Rfd8 26. Qc3 f6 27. Be3 Rxd1+ 28. Rxd1 Bxc5 29. Qxc5 Qxc5 30. Bxc5 Rxc5 31. Rd8+ Kf7 32. Rd7+ Kg6 33. Rxb7 Ra5 34. Bc4 e5 35. g4 Rc5 36. Bd3+ Kg5 37. Rxg7+ Kf4 38. Kf2 Rc3 39. Be2 Ra3 40. Rxh7 Rxa2 41.
Rh5 1-0

[Event "*** Titled Tuesday 3|2 Blitz"]
[Site "Chess.com"]
[Date "2016.05.03"]
[Round "5"]
[White "KuzubovYuriy"]
[Black "SmoothAsAHedgehog"]
[Result "1-0"]
[WhiteElo "2604"]
[BlackElo "2535"]
[TimeControl "180+2"]
[EndTime "12:01:41 PDT"]
[Termination "KuzubovYuriy won by resignation"]

1. d4 Nf6 2. c4 e6 3. g3 Bb4+ 4. Bd2 Qe7 5. Bg2 Nc6 6. Nf3 Bxd2+ 7. Nbxd2 O-O 8. Rc1 d6 9. O-O e5 10. d5 Nb8 11. e4 a5 12. Ne1 Na6 13. b3 c6 14.
a3 Bg4 15. f3 Bd7 16. Nd3 Rfc8 17. Qe2 cxd5 18. cxd5 Bb5 19. Qe3 Bxd3 20. Qxd3 Qd8 21.
Qe3 Rxc1 22. Rxc1 Rc8 23. Rxc8 Qxc8 24. Nc4 Qc7 25. Qb6 Qxb6+ 26. Nxb6 Nc5 27. Nc4 Ne8 28. Nxa5 b6 29. Nc4 Nxb3 30. Nxb6 Kf8 31. Nc8 Na5 32.
Bf1 Nb7 33. Ba6 Nc5 34. Bb5 Nc7 35. Nxd6 Ke7 36. Nf5+ Kf6 37. Bc4 g6 38. Ne3 Ke7 39.
d6+ Kxd6 40. Bxf7 Ke7 41. Bc4 Kd6 42. Kf2 Na8 43. Nd5 Na4 44. Ke3 N8b6 45. Nxb6 Nxb6 46.
Bg8 h6 47. f4 exf4+ 48. gxf4 g5 49. e5+ Ke7 50. f5 Nd7 51. Kd4 1-0

[Event "*** Titled Tuesday 3|2 Blitz"]
[Site "Chess.com"]
[Date "2016.05.03"]
[Round "5"]
[White "Dlugy"]
[Black "VSERGUEI"]
[Result "1-0"]
[WhiteElo "2585"]
[BlackElo "2469"]
[TimeControl "180+2"]
[EndTime "12:01:41 PDT"]
[Termination "Dlugy won on time"]

1. d4 d5 2. Bf4 c5 3. e4 dxe4 4. d5 g6 5. Nc3 Bg7 6. Nxe4 Nf6 7.
Nxf6+ Bxf6 8. c3 O-O 9. Nf3 Bg4 10. Be2 Nd7 11. O-O Qb6 12. Qb3 Rfd8 13. Rfd1 Bxf3 14.
Bxf3 Be5 15. Be3 Bd6 16. g3 Ne5 17. Be2 Qc7 18. Qa4 c4 19. Qc2 b5 20. Qe4 a5 21.
Bd4 Rab8 22. h4 Nd7 23. Be3 Bc5 24. Bf4 Bd6 25. Bg5 Nf6 26. Qf3 Be5 27. Bf1 b4 28. cxb4 axb4 29. Rac1 c3 30. bxc3 bxc3 31. a4 Rb2 32. Bb5 c2 33. Re1 1-0

[Event "*** Titled Tuesday 3|2 Blitz"]
[Site "Chess.com"]
[Date "2016.05.03"]
[Round "5"]
[White "GMG"]
[Black "Fh2411"]
[Result "0-1"]
[WhiteElo "2426"]
[BlackElo "2280"]
[TimeControl "180+2"]
[EndTime "12:01:56 PDT"]
[Termination "Fh2411 won by resignation"]

1. d4 Nf6 2. Bg5 Ne4 3. Bf4 d5 4. e3 c6 5. Nd2 Bf5 6. f3 Nxd2 7. Qxd2 e6 8. g4 Bg6 9. h4 h5 10. g5 Nd7 11. Nh3 a5 12. a4 Qb6 13. c3 Qb3 14.
Be2 Qc2 15. Qxc2 Bxc2 16. Kd2 Bf5 17. Nf2 Be7 18. e4 Bg6 19. Bd3 Nb6 20. Bc7 Nc8 21. Rae1 Kd7 22. Bg3 Nd6 23. Nh3 b5 24. Nf4 Nc4+ 25.
Kc2 bxa4 26. Bxc4 dxc4 27. Ra1 a3 28. bxa3 a4 29. Nxg6 fxg6 30. Rhb1 Ra7 31. Be5 Rf8 32. Rf1 Rb7 33. Rab1 Rb3 34. Rxb3 axb3+ 35. Kb2 Ra8 36. Ra1 Rf8 37. Rf1 Rf7 38. f4 Kc8 39. a4 Kb7 40. Rf2 Ka6 41. Rf1 Bf8 42. Bc7 0-1

[Event "*** Titled Tuesday 3|2 Blitz"]
[Site "Chess.com"]
[Date "2016.05.03"]
[Round "5"]
[White "Grootneus"]
[Black "simonachess"]
[Result "0-1"]
[WhiteElo "2034"]
[BlackElo "2133"]
[TimeControl "180+2"]
[EndTime "12:01:57 PDT"]
[Termination "simonachess won by resignation"]

1. e4 d6 2. d4 Nf6 3. Nc3 c6 4. Bg5 Nbd7 5. Nf3 Qa5 6. Qd2 e5 7. Bd3 Be7 8. O-O Nf8 9. dxe5 dxe5 10. a4 Bg4 11. Bc4 Bxf3 12. gxf3 Rd8 13. Qe3 Bc5 14. Qe2 Ne6 15. Bxe6 fxe6 16. f4 Bd4 17. fxe5 Bxe5 18. Rad1 O-O 19. Bh4 Bxc3 20. bxc3 Rxd1 21. Rxd1 Qxc3 22.
Bxf6 Qxf6 23. Rd7 Qa1+ 24. Qf1 Qxa4 25. Rxb7 Qxe4 26. Rxa7 Qxc2 27. Re7 Qf5 28. Qa1 Qg6+ 29. Kf1 Qh6 30. Qd4 Qc1+ 31. Kg2 Qg5+ 32. Kf1 Qxe7 0-1

[Event "*** Titled Tuesday 3|2 Blitz"]
[Site "Chess.com"]
[Date "2016.05.03"]
[Round "5"]
[White "igorkovalenko"]
[Black "Kacparov"]
[Result "0-1"]
[WhiteElo "2578"]
[BlackElo "2610"]
[TimeControl "180+2"]
[EndTime "12:02:00 PDT"]
[Termination "Kacparov won by resignation"]

1. d4 g6 2. Nf3 Bg7 3. e4 d6 4. h3 Nd7 5. Nc3 e5 6. Be3 c6 7. Qd2 Ngf6 8. a4 O-O 9. Bd3 exd4 10. Bxd4 Nc5 11. O-O Nxd3 12. cxd3 d5 13. Rad1 dxe4 14. dxe4 Be6 15. Qc2 Qa5 16. Rfe1 Rfd8 17. Be3 Qb4 18. Nd4 Bc4 19. b3 Ba6 20. Na2 Qe7 21. Nc3 Re8 22. f3 Rad8 23. Bf2 Nh5 24. Nde2 b6 25. Rxd8 Rxd8 26.
Rd1 Be5 27. g3 Rxd1+ 28. Qxd1 f5 29. exf5 gxf5 30. Kg2 Ng7 31. Bd4 Bc7 32. Qd2 Ne6 33. Be3 Qd6 34. Qxd6 Bxd6 35. Nd4 Nxd4 36. Bxd4 Bd3 37. a5 c5 38. axb6 axb6 39. Be3 Kf7 40. Bf4 Bxf4 41. gxf4 Bc2 42. Na4 Bxb3 43.
Nxb6 Ke6 44. Kf2 Kd6 45. Ke3 Kc7 0-1

[Event "*** Titled Tuesday 3|2 Blitz"]
[Site "Chess.com"]
[Date "2016.05.03"]
[Round "5"]
[White "charlescandycampbell"]
[Black "Saitama_Hero"]
[Result "1-0"]
[WhiteElo "2056"]
[BlackElo "2140"]
[TimeControl "180+2"]
[EndTime "12:02:03 PDT"]
[Termination "charlescandycampbell won by resignation"]

1. d4 Nf6 2. c4 g6 3. Nf3 d5 4.
Nc3 Bg7 5. e3 O-O 6. Be2 c5 7.
O-O cxd4 8. Nxd4 Nc6 9. Nxd5 Nxd5 10. Nxc6 bxc6 11. cxd5 cxd5 12. Bf3 e6 13. e4 Ba6 14.
Re1 d4 15. Bd2 Rb8 16. b3 Rc8 17. Bb4 Re8 18. Rc1 Qb6 19. Qd2 e5 20. Ba5 Qe6 21.
h3 d3 22. Bg4 f5 23. exf5 gxf5 24. Bh5 Rf8 25. Qg5 Rxc1 26. Rxc1 Qh6 27. Bd2 Qxg5 28. Bxg5 f4 29. Rc6 Bb7 30. Rc7 Be4 31. Rxa7 Bg6 32.
Bxg6 hxg6 33. f3 e4 34. Rd7 Rf5 35. h4 Rc5 36. fxe4 Rc1+ 37. Kh2 Rd1 38. Bxf4 Bc3 39. g4 d2 40. h5 Rf1 41. Bxd2 Rf2+ 42. Kg3 Rxd2 43.
Rxd2 Bxd2 44. hxg6 Kg7 45. Kf3 1-0

[Event "*** Titled Tuesday 3|2 Blitz"]
[Site "Chess.com"]
[Date "2016.05.03"]
[Round "5"]
[White "Iwannabetheguy"]
[Black "Rating-Schmating"]
[Result "1-0"]
[WhiteElo "2005"]
[BlackElo "2231"]
[TimeControl "180+2"]
[EndTime "12:02:03 PDT"]
[Termination "Iwannabetheguy won by checkmate"]

1. e4 e6 2. d4 d5 3. Nc3 Bb4 4. e5 Bf8 5. Nf3 c5 6. Bd3 Nc6 7. Be3 Qb6 8. O-O cxd4 9. Nxd4 Nxd4 10. Bxd4 Qc7 11. Nb5 Qa5 12. b4 Bxb4 13. Rb1 a6 14. Rxb4 Qxb4 15. Nc7+ Kd8 16. c3 Qa3 17. Nxa8 Ne7 18.
Bb6+ Ke8 19. Qb3 Qxb3 20. axb3 Kd7 21. Bc5 Nc6 22. Nb6+ Kc7 23. Nxc8 Rxc8 24. Bd6+ Kd7 25. b4 b5 26. f4 f6 27. Bxh7 d4 28. cxd4 Nxd4 29.
Rd1 Ne2+ 30. Kf2 Nxf4 31. exf6 gxf6 32. Bxf4+ Ke7 33. Be4 Kf7 34. g4 Rc4 35. Rd7+ Ke8 36. Ra7 Rxe4 37. Kf3 Rxb4 38. Rxa6 Kf7 39. Rb6 Rb3+ 40.
Be3 Rb1 41. h4 b4 42. h5 f5 43. g5 e5 44. Rb7+ Kf8 45. h6 Rf1+ 46. Ke2 Rh1 47. h7 f4 48. Bc5+ Ke8 49. h8=Q+ Rxh8 50. Rb8+ Kd7 51. Rxh8 b3 52. Rb8 Ke6 53. Rxb3 Kd5 54. Ba7 Ke4 55. Bb8 f3+ 56. Rxf3 Kd5 57. Re3 Ke6 58. Rxe5+ Kf7 59. Rf5+ Kg6 60. Rc5 Kg7 61. Rc6 Kf7 62. Kf3 Kg8 63. Rc7 Kf8 64. Kf4 Ke8 65.
Kf5 Kd8 66. Ke6 Ke8 67. Rc8# 1-0

[Event "*** Titled Tuesday 3|2 Blitz"]
[Site "Chess.com"]
[Date "2016.05.03"]
[Round "5"]
[White "Wolverine_master"]
[Black "Quiet_Desperation"]
[Result "0-1"]
[WhiteElo "2022"]
[BlackElo "2282"]
[TimeControl "180+2"]
[EndTime "12:02:06 PDT"]
[Termination "Quiet_Desperation won by resignation"]

1. Nf3 d5 2. d4 c6 3. b3 Nf6 4.
e3 Bf5 5. Bb2 e6 6. Bd3 Be7 7.
Nbd2 O-O 8. O-O Nbd7 9. Ne5 Nxe5 10.
dxe5 Nd7 11. Bxf5 exf5 12. c4 Nc5 13. cxd5 Qxd5 14. Nc4 Nd3 15. Bc3 Rad8 16. Qc2 b5 17.
Na5 b4 18. Bd4 c5 19. Qxd3 cxd4 20. Nc4 dxe3 21. Qxe3 Bc5 22. Qe2 f4 23. Rad1 Qe6 24. Qf3 g5 25. h3 Qg6 26. Rxd8 Rxd8 27. Rd1 Re8 28. Qd5 Be7 29. Nd6 Rd8 30. Qc6 h5 31.
Rc1 g4 32. Ne4 Rd1+ 33. Kh2 Rxc1 34. Qxc1 Qxe4 35. hxg4 hxg4 36. Qc8+ Kh7 37. Qxg4 Qxe5 38. Qh3+ Kg7 39. Qd7 f3+ 40. g3 Bc5 41. Qg4+ Kh6 42. Qxf3 Qh5+ 43. Qxh5+ Kxh5 44. f3 Kg5 45. Kh3 f5 46.
Kg2 f4 47. gxf4+ Kxf4 48. Kf1 Kxf3 49. Ke1 Ke3 50. Kd1 Kd3 51. Kc1 Bd4 52. Kb1 Kd2 53. a3 bxa3 54. Ka2 Bb2 55. b4 Kc3 56. Kb1 Kb3 0-1

[Event "*** Titled Tuesday 3|2 Blitz"]
[Site "Chess.com"]
[Date "2016.05.03"]
[Round "5"]
[White "AndrewMcStone"]
[Black "evgenyermolaev"]
[Result "0-1"]
[WhiteElo "1982"]
[BlackElo "2290"]
[TimeControl "180+2"]
[EndTime "12:02:11 PDT"]
[Termination "evgenyermolaev won by resignation"]

1. d4 Nf6 2. Bg5 Ne4 3. Bf4 c5 4. d5 Qb6 5. Nd2 Nxd2 6. Bxd2 Qxb2 7. Rb1 Qxa2 8. e4 e6 9. Bc3 Qa4 10. Qf3 exd5 11. exd5 Qxc2 12. Qe3+ Kd8 13. Ba5+ b6 14.
Rxb6 Qa4 15. Rb5+ Qxa5+ 16. Rxa5 Bd6 17. Qg5+ Kc7 18. Bc4 f6 19. Qxg7 Re8+ 20. Ne2 Re4 21. Bd3 Re7 22. Qxf6 c4 23. Bxc4 Bb4+ 24. Kd1 Rxe2 25.
Bxe2 Bxa5 26. d6+ Kb7 27. Bf3+ Nc6 28. Qb2+ Bb6 29. Kd2 Kb8 30. Bxc6 dxc6 31. Re1 Kb7 32. Re7+ Ka6 33. Qa2+ Kb5 34. Qb3+ Kc5 35. d7 Ba6 36. Re8 Rd8 37. Rxd8 Bxd8 38. Qe3+ Kd6 39. Qxa7 Bb5 40. Qd4+ Ke7 41. Qg7+ Kd6 42. Qxh7 c5 43. Qf5 Bxd7 44.
Qf6+ Bxf6 0-1

[Event "*** Titled Tuesday 3|2 Blitz"]
[Site "Chess.com"]
[Date "2016.05.03"]
[Round "5"]
[White "chesstatour"]
[Black "saraswathii"]
[Result "1-0"]
[WhiteElo "2029"]
[BlackElo "1957"]
[TimeControl "180+2"]
[EndTime "12:02:13 PDT"]
[Termination "chesstatour won by resignation"]

1. c4 Nf6 2. Nc3 g6 3. e4 d6 4. d4 Bg7 5. f4 e5 6. dxe5 dxe5 7.
Qxd8+ Kxd8 8. fxe5 Ng4 9. Bg5+ Ke8 10. Nd5 Na6 11. c5 Bxe5 12. Bxa6 bxa6 13. Nf3 c6 14. Nxe5 cxd5 15. Nxg4 Bxg4 16. exd5 Kd7 17. O-O f5 18. Rfe1 Rhe8 19. Kf2 Rab8 20. c6+ Kd6 21. Bf4+ Kxd5 22. Bxb8 Rxb8 23. b3 Kxc6 24. Rac1+ Kb6 25. h3 Bh5 26.
Re6+ Kb5 27. a3 g5 28. Re5+ Kb6 29. Rxf5 Bg6 30. Rf6+ Kb5 31. Re1 Rc8 32. Re5+ Rc5 33.
a4+ Kb4 34. Rxc5 Kxc5 35. Rxa6 Kb4 36. Rxa7 Kxb3 37. a5 1-0

[Event "*** Titled Tuesday 3|2 Blitz"]
[Site "Chess.com"]
[Date "2016.05.03"]
[Round "5"]
[White "arna"]
[Black "Alexander_Donchenko"]
[Result "0-1"]
[WhiteElo "2146"]
[BlackElo "2645"]
[TimeControl "180+2"]
[EndTime "12:02:20 PDT"]
[Termination "Alexander_Donchenko won by resignation"]

1. e4 c6 2. c4 d5 3. cxd5 cxd5 4.
exd5 Nf6 5. Qa4+ Nbd7 6. Nc3 g6 7. d6 exd6 8. d4 Bg7 9. Be2 O-O 10. Nf3 Nb6 11. Qa3 Be6 12. b3 Nbd5 13. Bd2 Rc8 14. Nxd5 Bxd5 15. O-O Re8 16. Bd1 a6 17. h3 Ne4 18.
Bf4 Rc6 19. Rc1 Nc3 20. Rxc3 Rxc3 21. Bxd6 Bf8 22. Bxf8 Rxf8 23. Qb4 Qc7 24. Ne5 Rc1 25. Qd2 Be6 26. Be2 Rxf1+ 27. Bxf1 Rd8 28. Qe3 Qd6 29.
Nf3 Bd5 30. Ne5 Re8 31. Qf4 f6 32. Nxg6 Qxf4 33. Nxf4 Bf7 34. f3 Re1 35. Kf2 Rd1 36.
d5 Rd2+ 37. Ke3 Rxa2 38. d6 Kf8 39. Bd3 h6 40. b4 Rb2 41. Kd4 Rxb4+ 42. Ke3 a5 43. Bg6 Bxg6 44. Nxg6+ Ke8 45. Nf4 Rxf4 46. Kxf4 a4 0-1

[Event "*** Titled Tuesday 3|2 Blitz"]
[Site "Chess.com"]
[Date "2016.05.03"]
[Round "5"]
[White "oskariot"]
[Black "Lupul_Cenusiu"]
[Result "0-1"]
[WhiteElo "2422"]
[BlackElo "2434"]
[TimeControl "180+2"]
[EndTime "12:02:23 PDT"]
[Termination "Lupul_Cenusiu won by checkmate"]

1. e4 c5 2. Nf3 e6 3. d4 cxd4 4. Nxd4 a6 5. Nc3 Nc6 6. g3 Bc5 7. Nb3 Be7 8. Bg2 d6 9. O-O Nf6 10. a4 O-O 11. f4 Qc7 12. Kh1 b6 13. g4 Bb7 14. g5 Nd7 15. Rf3 g6 16. Rh3 Rfe8 17.
Qe1 Nf8 18. Be3 Nb4 19. Qf2 Bd8 20. Rf1 Rc8 21. f5 exf5 22. exf5 Bxg2+ 23. Qxg2 Qc6 24. Nd4 Qxg2+ 25. Kxg2 d5 26. Rhf3 Rc7 27. Bf4 Rd7 28.
h4 Bc7 29. Bxc7 Rxc7 30. R1f2 Rc4 31. Rf4 Nd7 32. fxg6 fxg6 33. h5 gxh5 34. Nf5 Rxf4 35. Rxf4 a5 36. Nh6+ Kh8 37. Kg3 Ne5 38. Rf6 h4+ 39.
Kxh4 d4 40. Nb5 Nd5 41. Rd6 Ne3 42. Rxb6 Rf8 43. Nd6 Kg7 44. Rb7+ Kg6 45. Rb6 Rf4+ 46. Kg3 Rf3+ 47. Kh2 Kh5 48. Ne4 Kh4 49. Kg1 Rf1+ 50.
Kh2 Nf3# 0-1

[Event "*** Titled Tuesday 3|2 Blitz"]
[Site "Chess.com"]
[Date "2016.05.03"]
[Round "5"]
[White "vinceyoung15"]
[Black "destroyer305"]
[Result "1-0"]
[WhiteElo "2146"]
[BlackElo "2257"]
[TimeControl "180+2"]
[EndTime "12:02:23 PDT"]
[Termination "vinceyoung15 won by resignation"]

1. e4 c5 2. c3 Nf6 3. e5 Nd5 4.
d4 cxd4 5. Nf3 Nc6 6. cxd4 e6 7.
Nc3 d6 8. Bd3 Be7 9. Qe2 O-O 10.
Qe4 g6 11. Nxd5 exd5 12. Qxd5 dxe5 13. Qxd8 Rxd8 14. O-O exd4 15. Re1 Bf6 16. Bc4 Na5 17. Bd3 Bg4 18. Bf4 Rac8 19. Rac1 Be6 20. Bc7 Nc6 21. Bxd8 Rxd8 22. a3 a6 23. h3 Kg7 24.
g4 h6 25. Be4 Na5 26. Bd3 b5 27. Rc7 Rd6 28. Ne5 g5 29. b4 Nc4 30. Nxc4 bxc4 31. Bxc4 Bxc4 32. Rxc4 d3 33. Rd1 Kg6 34. Kg2 Be5 35.
Kf3 f5 36. Rc5 Kf6 37. gxf5 Kxf5 38. Re1 d2 39. Rexe5+ Kf6 40. Red5 d1=Q+ 41. Rxd1 Rxd1 42. Rc6+ Kf5 43. Rxa6 Rd3+ 44. Kg2 Rb3 45. Ra8 h5 46.
Rf8+ Ke4 47. Rg8 Kf4 48. Ra8 g4 49. hxg4 hxg4 50. Rf8+ Kg5 51. Rg8+ Kh4 52. Rh8+ Kg5 53. Rg8+ Kf4 54. Ra8 Kg5 55. Ra5+ Kh4 56. b5 g3 57. fxg3+ Kg4 58. Kf2 Rb2+ 59. Ke3 Kxg3 60. Kd4 Kf4 61. a4 Kf5 62. Ra8 Ke6 63. Rc8 Kd7 64. Rc4 Ra2 65. Kc5 Rh2 66. Kb6 Rh6+ 67. Ka7 Rh7 68. b6 Rh5 69. b7 1-0

[Event "*** Titled Tuesday 3|2 Blitz"]
[Site "Chess.com"]
[Date "2016.05.03"]
[Round "5"]
[White "oggy1984"]
[Black "Mischuk_D"]
[Result "0-1"]
[WhiteElo "2322"]
[BlackElo "2472"]
[TimeControl "180+2"]
[EndTime "12:02:24 PDT"]
[Termination "Mischuk_D won by resignation"]

1. e4 c5 2. Nf3 d6 3. d4 cxd4 4.
Nxd4 Nf6 5. Nc3 a6 6. Be3 Nc6 7.
f3 d5 8. exd5 Nxd5 9. Nxd5 Qxd5 10. c4 Qa5+ 11. Qd2 Qxd2+ 12. Kxd2 Bd7 13. Nxc6 Bxc6 14.
Bd3 g6 15. Bd4 Bh6+ 16. Kc3 O-O 17. Rhe1 e6 18. Bf6 Rfc8 19. Be4 Bd5 20. Bd3 b5 21. b3 Rc7 22. Kd4 bxc4 23. bxc4 Bc6 24. Be4 Rac8 25. Be5 Rd7+ 26. Kc3 Bd2+ 27. Kb3 Rb7+ 28. Kc2 Bxe1 29.
Rxe1 Bxe4+ 30. Rxe4 Rb4 31. Kc3 a5 32. Rd4 Rb1 33. h4 Rg1 34. g3 Rf1 35. Rd3 Rc1+ 36. Kd2 R1xc4 37. Bc3 a4 38. a3 h6 39. g4 h5 40.
gxh5 gxh5 41. Bf6 Kh7 42. Rd7 Kg6 43. Bd4 Rc2+ 44. Kd3 Ra2 45. Ke4 Rxa3 46. Rd6 Ra2 47. f4 Re2+ 48. Be3 Rxe3+ 49. Kxe3 Ra8 50. Ke4 a3 51. f5+ Kf6 52. Rd1 Ra4+ 53. Kf3 a2 54.
Ra1 Kxf5 55. Kg3 Ra3+ 56. Kh2 Kg4 57. Rg1+ Kxh4 58. Ra1 f5 59. Kg2 e5 60. Kh2 e4 61.
Kg2 f4 62. Kh2 f3 63. Kg1 Kg3 64. Kh1 e3 65. Rg1+ Kh3 66. Ra1 Rb3 67. Rg1 Rb1 0-1